 Dungeon Crawl Stone Soup version 0.30-a0-629-gd54f4be4f7 (webtiles) character file.

Game seed: 5614793941801507231

6152 QueenGhuleh the Cleaver (level 10, 0/91 HPs)
             Began as a Minotaur Berserker on Jan 11, 2023.
             Was an Elder of Trog.
             Slain by Prince Ribbit (3 damage)
             ... on level 9 of the Dungeon on Jan 12, 2023.
             The game lasted 00:11:14 (6566 turns).

QueenGhuleh the Cleaver (Minotaur Berserker)        Turns: 6566, Time: 00:11:15

Health: 0/91       AC: 10    Str: 26    XL:     10   Next: 59%
Magic:  9/9        EV: 10    Int:  4    God:    Trog [****..]
Gold:   256        SH:  0    Dex: 10    Spells: 9/9 levels left

rFire   . . .      SeeInvis .    s - +3 battleaxe (heavy)
rCold   . . .      Faith    .    (shield currently unavailable)
rNeg    . . .      Spirit   .    w - +0 chain mail
rPois   .          Reflect  .    (helmet restricted)
rElec   .          Harm     .    (no cloak)
rCorr   .          Rampage  .    (no gloves)
Will    .....                    (no boots) Stlth
                                 j - amulet of regeneration
HPRegen 1.15/turn                (no ring)
MPRegen 0.11/turn                (no ring)

@: lethally poisoned (0 -> -2)
A: horns 2, retaliatory headbutt
a: Renounce Religion, Berserk, Trog's Hand, Brothers in Arms


You were on level 9 of the Dungeon.
You worshipped Trog.
Trog was greatly pleased with you.
You visited 1 branch of the dungeon, and saw 8 of its levels.

You collected 485 gold pieces.
You spent 229 gold pieces at shops.

Inventory:

Hand Weapons
 p - a +0 broad axe
 s - a +3 heavy battleaxe (weapon)
Missiles
 C - 2 throwing nets (quivered)
Armour
 w - a +0 chain mail (worn)
Jewellery
 j - an amulet of regeneration (around neck)
 y - a ring of willpower
Wands
 q - a wand of iceblast (4)
 t - a wand of flame (4)
Scrolls
 a - a scroll of magic mapping {unknown}
 b - a scroll of brand weapon {unknown}
 e - 2 scrolls of teleportation {unknown}
 f - 3 scrolls of blinking {unknown}
 h - 5 scrolls of identify {unknown}
 i - a scroll of vulnerability {unknown}
 k - 3 scrolls of immolation {unknown}
 l - 2 scrolls of fear {unknown}
 n - 3 scrolls of torment {unknown}
 o - 2 scrolls of fog {unknown}
 x - a scroll of amnesia {unknown}
 A - a scroll of poison {unknown}
Potions
 c - 4 potions of degeneration {unknown}
 d - 2 potions of heal wounds {unknown}
 g - 2 potions of brilliance {unknown}
 m - 3 potions of attraction {unknown}
 r - 2 potions of haste {unknown}
 u - 2 potions of lignification {unknown}
 v - a potion of curing {unknown}
 z - a potion of flight {unknown}
 B - a potion of resistance {unknown}
 D - a potion of ambrosia {unknown}


   Skills:
 + Level 9.0 Fighting
 + Level 13.8 Axes
 + Level 7.6 Armour
 + Level 6.2 Dodging
 + Level 3.9 Stealth


You had 9 spell levels left.
You didn't know any spells.
Your spell library was empty.

Dungeon Overview and Level Annotations

Branches:
Dungeon (9/15)             Temple (0/1) D:6
   Lair: D:8-11         Orc: D:9-12

Altars:
Dithmenos
Fedhas
Nemelex Xobeh
Okawaru
Qazlal
Ru

Shops:
D:5 (   D:6 [   D:7 =[

Annotations:
D:9 Prince Ribbit


Innate Abilities, Weirdness & Mutations

You have a pair of horns on your head.
You reflexively headbutt those who attack you in melee.


Message History

You are too confused!
You are too confused!
You barely miss Prince Ribbit. Prince Ribbit misses you.
Prince Ribbit blinks!
You hear some strange, mumbled words.
A bolt of poison appears from out of thin air!
The bolt of poison hits you!
You are poisoned.
You feel less confused.
You feel very sick. Something hits you! Something burns you.
You slice something like a ripe choko!!!
You feel very sick.
Prince Ribbit blinks!
Something hits you! Something burns you.
You slash something!
You feel sick.
You hear some strange, mumbled words.
A bolt of poison appears from out of thin air!
The bolt of poison hits you!
You are more poisoned.
* * * LOW HITPOINT WARNING * * *
You hear some strange, mumbled words.
A bolt of poison appears from out of thin air!
The bolt of poison misses you.
You carve something like a ham!!! Trog accepts your kill.
Trog appreciates your killing of a magic user.
Reactivating autopickup.
You feel a bit more experienced.
You slash Prince Ribbit!
You feel very sick. Prince Ribbit closely misses you. Prince Ribbit hits you!
* * * LOW HITPOINT WARNING * * *
Prince Ribbit hits you but does no damage.
Your Fighting skill increases to level 9!
* * * LOW HITPOINT WARNING * * *
You feel sick.
Prince Ribbit blinks!
Things that are here:
a +0 scimitar of flaming; a +0 robe
* * * LOW HITPOINT WARNING * * *
You feel sick. Prince Ribbit barely misses you.
Prince Ribbit attacks as you move away! Prince Ribbit hits you.
You die...

#~P♣P~~~~≈~~
#♣~P~~≈≈≈≈~~~
~~~P~~≈P~~~~
PP~~P~~~~♣~
P♣~~......
..####.........
...............
#.@..~~.P~
##)FPP~P~~
#.#♣♣~P♣~ #.#
♣♣ #.# #.# #.#
#<# #.#


You could see Prince Ribbit.

Vanquished Creatures
  Erica (D:9)
  A two-headed ogre (D:8)
  Pikel (D:5)
  A kobold demonologist (D:7)
  A wyvern (D:8)
  6 yaks (D:8)
  A steam dragon (D:7)
  3 sky beasts
  A black bear (D:4)
  3 ice beasts (D:7)
  2 centaurs (D:8)
  3 phantoms
  3 lemures (D:5)
  3 bullfrogs
  3 necrophages
  2 gnoll sergeants
  A water moccasin zombie (D:4)
  3 scorpions
  5 wights (D:8)
  3 howler monkeys (D:7)
  An electric eel (D:7)
  A centaur zombie (D:4)
  A bullfrog zombie (D:4)
  4 jellies
  An orc priest (D:8)
  A gnoll bouda (D:7)
  4 hounds
  4 iguanas
  A bullfrog skeleton (D:4)
  8 orc wizards
  A scorpion zombie (D:4)
  2 hound skeletons (D:4)
  3 adders (D:5)
  12 gnolls
  A shadow imp (D:6)
  A white imp (D:5)
  2 ufetubi
  An adder skeleton (D:4)
  2 adder zombies (D:4)
  2 dart slugs
  12 orcs
  4 ball pythons
  6 endoplasms
  4 giant cockroaches
  3 goblins
  2 hobgoblins (D:1)
  3 kobolds
  3 quokkas
  3 bats
  A frilled lizard (D:1)
  A quokka zombie (D:4)
  5 rats
147 creatures vanquished.

Vanquished Creatures (others)
  6 plants (D:7)
  2 withered plants (D:4)
8 creatures vanquished.

Grand Total: 155 creatures vanquished

Notes
Turn   | Place    | Note
-------+----------+-------------------------------------------
     0 | D:1      | QueenGhuleh the Minotaur Berserker began the quest for the
                  | Orb.
     0 | D:1      | Reached XP level 1. HP: 19/19 MP: 0/0
   131 | D:1      | Reached XP level 2. HP: 24/27 MP: 1/1
   291 | D:1      | Found a faded altar of an unknown god.
   337 | D:1      | Reached skill level 4 in Axes
   667 | D:2      | Reached ** piety under Trog
   791 | D:2      | Reached XP level 3. HP: 24/33 MP: 2/2
   840 | D:2      | You fall into a shaft and drop 2 floors!
   908 | D:4      | Noticed a black bear
   915 | D:4      | Killed a black bear
   916 | D:4      | Reached skill level 5 in Axes
   916 | D:4      | Reached XP level 4. HP: 6/41 MP: 3/3
   919 | D:4      | Reached XP level 5. HP: 8/47 MP: 4/4
  1055 | D:4      | Reached skill level 1 in Stealth
  1244 | D:4      | Reached skill level 5 in Fighting
  1244 | D:4      | Reached skill level 6 in Axes
  1244 | D:4      | Reached XP level 6. HP: 43/56 MP: 5/5
  1794 | D:4      | Found a sacrificial altar of Ru.
  1960 | D:5      | Entered Level 5 of the Dungeon
  2001 | D:5      | Reached skill level 7 in Axes
  2079 | D:5      | Reached XP level 7. HP: 60/61 MP: 6/6
  2230 | D:5      | Found Leos Athre's Antique Weapon Shop.
  2235 | D:5      | Bought a runed battleaxe for 171 gold pieces
  2705 | D:5      | Reached *** piety under Trog
  2778 | D:5      | Reached skill level 8 in Axes
  3257 | D:5      | Noticed Pikel
  3267 | D:5      | Killed Pikel
  3268 | D:5      | Reached skill level 9 in Axes
  3268 | D:5      | Reached skill level 5 in Dodging
  3268 | D:5      | Reached XP level 8. HP: 17/71 MP: 7/7
  3752 | D:6      | Found Zosouhat's Armour Shoppe.
  3794 | D:6      | Bought a +0 chain mail for 58 gold pieces
  3921 | D:6      | Reached skill level 10 in Axes
  3922 | D:6      | Found a staircase to the Ecumenical Temple.
  4239 | D:6      | Found a sparkling altar of Nemelex Xobeh.
  4335 | D:7      | Found Fehodal's Jewellery Shop.
  4364 | D:7      | Reached XP level 9. HP: 63/79 MP: 8/8
  4385 | D:7      | Upgraded the game from 0.30-a0-626-gd6a5dd7a1f to
                  | 0.30-a0-629-gd54f4be4f7
  4568 | D:7      | Noticed a kobold demonologist
  4572 | D:7      | Killed a kobold demonologist
  4573 | D:7      | Reached skill level 11 in Axes
  4732 | D:7      | Identified the +3 leather armour of Bedevilment {rPois
                  | rCorr Str+3 Dex+4}
  4790 | D:7      | Reached skill level 12 in Axes
  4804 | D:7      | Found Diubi's Armour Shop.
  4885 | D:7      | Found an iron altar of Okawaru.
  4987 | D:7      | Found a stormy altar of Qazlal.
  5284 | D:7      | Found a shadowy altar of Dithmenos.
  5606 | D:8      | Reached skill level 5 in Armour
  5610 | D:8      | Reached XP level 10. HP: 87/90 MP: 9/9
  5773 | D:8      | Noticed a two-headed ogre
  5782 | D:8      | Killed a two-headed ogre
  5783 | D:8      | Reached skill level 13 in Axes
  6085 | D:8      | Noticed a lindwurm
  6085 | D:8      | Noticed a lindwurm
  6106 | D:8      | Noticed a lindwurm
  6122 | D:8      | Found a blossoming altar of Fedhas.
  6212 | D:8      | Reached **** piety under Trog
  6498 | D:8      | Noticed a lindwurm
  6553 | D:9      | Noticed Erica
  6555 | D:9      | Noticed Prince Ribbit
  6563 | D:9      | Killed Erica
  6563 | D:9      | HP: 4/90 [Prince Ribbit (7)]
  6566 | D:9      | Slain by Prince Ribbit

Illustrated notes

Levels and vault maps discovered:
D:1:      lightli_arrival_noodles, layout_rooms,
          dreamdust_ecumenical_altar_grove, minmay_indecisive_spiral
D:2:      layout_loops_ring
D:4:      layout_basic, mainiacjoe_overflow_tiny_flanked, serial_undead,
          serial_undead_a, serial_undead_c, serial_undead_d, serial_undead_b,
          serial_undead_d, serial_undead_f, serial_undead_c, serial_undead_e
D:5:      layout_layer_cave, serial_shops, nicolae_shop_hallway_plus, uniq_pikel
D:6:      layout_layer_cave, nemelex_diamond_rough_becter,
          minmay_temple_entry_ruins, serial_shops, nicolae_shop_window_shopping,
          corexii_mini_fake_secret_closet, nicolae_figureground_pulse
D:7:      layout_layer_cave, mainiacjoe_overflow_paths, lemuel_doored_altar,
          mainiacjoe_overflow_alcove_4, nicolae_stop_n_shop_2, minivault_11,
          serial_bayou_pond_b, nicolae_stop_n_shop_1
D:8:      layout_basic, fedhas_bush_and_centaur_altar, minmay_lindwurm_lava
D:9:      layout_loops_ring, serial_bayou, serial_bayou_shore_b,
          serial_bayou_shore_a, serial_bayou_pond_d, serial_bayou_ford_a,
          uniq_joseph, uniq_erica, uniq_prince_ribbit1

Skill      XL: |  1  2  3  4  5  6  7  8  9 10 |
---------------+-------------------------------+-----
Fighting       | 4 5 6 7 8 9 |  9.0
Axes           | 4 5 6 7 9 10 12 13 | 13.8
Dodging        | 3 5 6 |  6.2
Stealth        | 1 2 3 |  3.9
Armour         | 5 7 |  7.6

Action                   |  1- 3 |  4- 6 |  7- 9 | 10-12 || total
-------------------------+-------+-------+-------+-------++-------
Melee: Hand axe          |    55 |    64 |       |       ||   119
       Headbutt          |     2 |    15 |    14 |     7 ||    38
       Broad axe         |       |    20 |     6 |       ||    26
       Battleaxe         |       |       |   107 |    49 ||   156
Invok: Berserk           |     1 |       |     3 |     4 ||     8
 Stab: Sleeping          |     3 |     3 |     1 |       ||     7
Armor: Animal skin       |    14 |    11 |    11 |       ||    36
       Chain mail        |       |       |    40 |    49 ||    89
Dodge: Dodged            |    45 |    61 |    79 |    47 ||   232

Table legend: (Time is in decaauts)
 A = Elapsed time spent in this place.
 B = Non-inter-level travel time spent in this place.
 C = Inter-level travel time spent in this place.
 D = Time resting spent in this place.
 E = Time spent auto-exploring this place.
 F = Levels seen in this place.
 G = Mean time per level.
                   A        B        C        D        E       F      G
               +--------+--------+--------+--------+--------+-----+--------+
         Total |   6755 |   6578 |    177 |      0 |   5627 |   8 |  844.4 |
       Dungeon |   6755 |   6578 |    177 |      0 |   5627 |   8 |  844.4 |
               +--------+--------+--------+--------+--------+-----+--------+

Top non-repeatable levels by time:
     D:5: 1764 daAuts
     D:7: 1298 daAuts
     D:4: 1130 daAuts
     D:8: 1037 daAuts
     D:6: 663 daAuts
     D:1: 476 daAuts
     D:2: 368 daAuts
     D:9: 15 daAuts
